 Dungeon Crawl Stone Soup version 0.24-a0-416-g56ce5178b7 (webtiles) character file.

Game seed: 14677209184473740803

1649 ohad the Insei (level 9, -1/54 HPs)
             Began as an Octopode Transmuter on June 8, 2019.
             Slain by a bullfrog (6 damage)
             ... on level 5 of the Dungeon.
             The game lasted 00:14:45 (6463 turns).

ohad the Insei (Octopode Transmuter)                Turns: 6463, Time: 00:14:45

Health: -1/54      AC:  1    Str:  9    XL:     9   Next: 0%
Magic:  10/16      EV: 14    Int: 18    God:
Gold:   320        SH:  0    Dex: 13    Spells: 3/18 levels left

rFire    . . .     SeeInvis .     - Unarmed
rCold    . . .     Gourm    .   (no shield)
rNeg     . . .     Faith    .   (helmet restricted)
rPois    .         Spirit   .   (no amulet)
rElec    .         Reflect  .   (no ring)
rCorr    .         Harm     .   (no ring)
MR       .....                  (no ring)
Stlth    +++.......             (no ring)
HPRegen  0.18/turn              (no ring)
MPRegen  0.15/turn              (no ring)
                                (no ring)
                                (no ring)

@: very slightly contaminated
A: almost no armour, stealthy swim, amphibious, 8 rings, constrict 8, camouflage
1, gelatinous body 1
a: no special abilities


You were on level 5 of the Dungeon.
You were hungry.

You visited 1 branch of the dungeon, and saw 6 of its levels.
You also visited: Ossuary.

You collected 320 gold pieces.

Inventory:

Hand Weapons
 r - a +2 short sword of draining
 E - a +2 dagger of pain
Missiles
 a - 120 arrows
 b - 16 poisoned darts (quivered)
 l - 8 silver javelins
 n - 73 bolts
Wands
 u - a wand of acid (9)
 x - a wand of random effects (11)
 z - a wand of disintegration (13)
 F - a wand of flame (15)
Scrolls
 f - 6 scrolls of teleportation {unknown}
 j - 4 scrolls of blinking {unknown}
 k - 5 scrolls of identify {unknown}
 s - 2 scrolls of magic mapping {unknown}
 v - a scroll of noise {unknown}
 w - 3 scrolls of enchant weapon {unknown}
 y - a scroll of remove curse {unknown}
 A - a scroll of fear {unknown}
 D - a scroll of enchant armour {unknown}
Potions
 d - 3 potions of curing
 e - a potion of lignification {unknown}
 g - 3 potions of mutation {unknown}
 h - 2 potions of invisibility {unknown}
 i - a potion of heal wounds {unknown}
 m - 2 potions of flight {unknown}
 o - a potion of berserk rage {unknown}
 p - 2 potions of agility {unknown}
 q - 2 potions of brilliance {unknown}
 t - a potion of degeneration {unknown}
 B - a potion of magic {unknown}
Comestibles
 c - 6 rations
 C - 5 chunks of flesh


   Skills:
 * Level 2.1 Fighting
 - Level 3.6 Dodging
 + Level 1.1 Stealth
 - Level 6.8 Unarmed Combat
 - Level 5.2 Spellcasting
 - Level 5.5 Transmutations
 - Level 3.2 Ice Magic


You had 3 spell levels left.
You knew the following spells:

 Your Spells              Type           Power        Failure   Level  Hunger
a - Beastly Appendage     Tmut           ###...       1%          1    None
b - Sticks to Snakes      Tmut           ###.....     1%          2    #......
c - Spider Form           Tmut/Pois      ##........   12%         3    ##.....
d - Ice Form              Ice/Tmut       ###.....     22%         4    ####...
e - Blade Hands           Tmut           ###.......   36%         5    ######.

Your spell library contained the following spells:

 Spells                   Type           Power        Failure   Level  Hunger


Dungeon Overview and Level Annotations

Branches:
Dungeon (6/15)
 Temple: D:4-7

Altars:
Okawaru
Qazlal
Ru
Xom
Yredelemnul

Shops:
D:6 :

Annotations:
D:3 1 runed translucent door, p0werm0de's ghost, weakling DsWn


Innate Abilities, Weirdness & Mutations

You cannot wear most types of armour.
You are very stealthy in the water. (Stealth+)
You are amphibious.
You can wear up to eight rings at the same time.
You can use your tentacles to constrict eight enemies at once.
Your skin changes colour to match your surroundings (Stealth+).
Your rubbery body absorbs attacks. (AC +1, EV +1)


Message History

The bullfrog closely misses you. The bullfrog hits you!
* * * LOW HITPOINT WARNING * * *
There is a stone staircase leading up here.
You feel better. The bullfrog hits you. x2
* * * LOW HITPOINT WARNING * * *
The bullfrog closely misses you.
You climb upwards.
There is a stone staircase leading down here.
Unknown command.
Unknown command.
Unknown command.
Casting: Sticks to Snakes (safe; 1% risk of failure)
Confirm with . or Enter, or press ? or * to list all spells.
You miscast Ice Form.
You are very lightly contaminated with residual magic.
The bullfrog hits you!
* * * LOW HITPOINT WARNING * * *
The bullfrog hits you.
You die...

#.....## ###.###..## ##.≈..≈##..#
##.#.^≈≈≈##.########
#♣..≈...≈^#........#
.≈≈.._♣.§..........#
#♣._._.♣..#........# #######
###.≈.#.≈##........########......
.##_..≈.###....F@................
..###^###...............###......
.........##........####..........
.........##...<....# #####......
..............##.### #......
############..##.# ##..>... #
#...#.## #..#.### ## #.#....#####
#.##.... .#########
#.#........####.#.....


You could see a bullfrog.

Vanquished Creatures
  Sigmund (D:2)
  An ice beast (D:6)
  2 phantoms (D:5)
  An ogre (D:5)
  2 elf zombies (Ossuary)
  A howler monkey (D:6)
  A crimson imp (D:5)
  2 human zombies (Ossuary)
  A centaur zombie (D:6)
  2 hounds (D:5)
  A jelly (D:5)
  Ijyb (D:5)
  4 orc wizards (D:6)
  A bullfrog skeleton (D:4)
  2 centaur skeletons (D:5)
  Jessica (D:2)
  4 worker ants
  2 big kobold zombies (Ossuary)
  A hound zombie (Ossuary)
  3 mummies (Ossuary)
  A worker ant zombie (D:6)
  Robin (D:2)
  4 gnolls (D:6)
  11 adders
  2 oozes
  2 adder zombies (Ossuary)
  6 worms
  A dart slug (D:1)
  2 leopard geckos
  10 orcs
  13 giant cockroaches
  11 goblins
  10 hobgoblins
  3 jackals (D:3)
  7 kobolds
  2 quokkas
  3 ball pythons
  6 bats
  2 frilled lizards (D:1)
  A goblin zombie (Ossuary)
  4 hobgoblin zombies (Ossuary)
  A jackal zombie (Ossuary)
  4 kobold zombies (Ossuary)
  An orc zombie (Ossuary)
  3 quokka zombies (Ossuary)
  4 rats
  8 rat zombies (Ossuary)
157 creatures vanquished.

Vanquished Creatures (collateral kills)
  An adder (D:2)
  An adder skeleton (D:5)
2 creatures vanquished.

Grand Total: 159 creatures vanquished

Notes
Turn   | Place    | Note
-------+----------+-------------------------------------------
     0 | D:1      | ohad the Octopode Transmuter began the quest for the Orb.
     0 | D:1      | Reached XP level 1. HP: 13/13 MP: 3/3
   118 | D:1      | Reached XP level 2. HP: 18/18 MP: 5/5
   629 | D:1      | Reached XP level 3. HP: 21/23 MP: 6/6
   652 | D:1      | Learned a level 2 spell: Sticks to Snakes
   656 | D:1      | Learned a level 3 spell: Spider Form
   740 | D:1      | Reached skill level 4 in Unarmed Combat
  1086 | D:2      | Noticed Sigmund
  1330 | D:2      | Reached XP level 4. HP: 26/28 MP: 1/7
  1415 | D:2      | Noticed Robin
  1439 | D:2      | Killed Robin
  1610 | D:2      | Noticed Jessica
  1616 | D:2      | Killed Jessica
  1616 | D:2      | Reached skill level 5 in Unarmed Combat
  1773 | D:2      | Reached XP level 5. HP: 32/33 MP: 5/8
  2111 | D:2      | Killed Sigmund
  2111 | D:2      | Reached skill level 6 in Unarmed Combat
  2111 | D:2      | Reached XP level 6. HP: 30/38 MP: 2/9
  2246 | D:2      | Found a basalt altar of Yredelemnul.
  2708 | D:3      | Found a runed translucent door.
  2734 | D:3      | Noticed p0werm0de's ghost (weakling DsWn)
  2755 | D:3      | Found an iron altar of Okawaru.
  3097 | D:4      | Found a basalt altar of Yredelemnul.
  3098 | D:4      | Found a sacrificial altar of Ru.
  3101 | D:4      | Found a stormy altar of Qazlal.
  3577 | D:5      | Entered Level 5 of the Dungeon
  3577 | D:5      | Found a sand-covered staircase.
  3577 | D:5      | Noticed a phantom
  3584 | Ossuary  | Entered an ossuary
  3625 | Ossuary  | Reached XP level 7. HP: 30/43 MP: 10/10
  3738 | Ossuary  | Learned a level 4 spell: Ice Form
  4009 | Ossuary  | Reached skill level 1 in Ice Magic
  4686 | D:5      | Reached XP level 8. HP: 44/48 MP: 5/13
  4775 | D:5      | Found a shimmering altar of Xom.
  4783 | D:5      | Found a shimmering altar of Xom.
  4789 | D:5      | Found a shimmering altar of Xom.
  4789 | D:5      | Found a shimmering altar of Xom.
  5107 | D:5      | Noticed Ijyb
  5120 | D:5      | HP: 2/48 [disintegration (32)]
  5122 | D:5      | Killed Ijyb
  5458 | D:5      | Found a stormy altar of Qazlal.
  5687 | D:6      | Reached skill level 5 in Transmutations
  6093 | D:6      | Learned a level 5 spell: Blade Hands
  6134 | D:6      | Reached skill level 5 in Spellcasting
  6304 | D:6      | Found Difo's Book Shoppe.
  6438 | D:6      | Reached skill level 1 in Stealth
  6438 | D:6      | Reached XP level 9. HP: 24/54 MP: 14/16
  6463 | D:5      | Slain by a bullfrog

Levels and vault maps discovered:
D:1:      psy_arrival_basics, layout_loops_corners
D:2:      minmay_roachtagon, layout_basic, first_ration, lemuel_statue_altar,
          uniq_robin, uniq_sigmund, uniq_jessica
D:3:      layout_basic, overflow_temple_1_default, ebering_ghost_sewer_d
D:4:      layout_rooms, grunt_temple_overflow_open
D:5:      layout_rooms, xom_redecorated, nicolae_ossuary_entry_monument,
          nicolae_qazlal_eye_of_the_storm, uniq_ijyb
D:6:      layout_loops_ring, kennysheep_mini, serial_shops, shop, basic_altar,
          uniq_grinder

Skill      XL: |  1  2  3  4  5  6  7  8 |
---------------+-------------------------+-----
Unarmed Combat | 4 5 6 |  6.8
Dodging        | 3 |  3.6
Ice Magic      | 2 3 |  3.2
Spellcasting   | 3 5 |  5.2
Transmutations | 3 5 |  5.5
Fighting       | 2 |  2.1
Stealth        | 1 |  1.1

Action                   |  1- 3 |  4- 6 |  7- 9 || total
-------------------------+-------+-------+-------++-------
Melee: Unarmed           |    73 |   140 |   250 ||   463
       Constrict         |    15 |    32 |    37 ||    84
       Tentacles         |    12 |    21 |    23 ||    56
       Kick              |     4 |    20 |    17 ||    41
       Punch             |     1 |     1 |     3 ||     5
 Cast: Beastly Appendage |     4 |    19 |     8 ||    31
       Spider Form       |       |     4 |    10 ||    14
       Sticks to Snakes  |       |     3 |     6 ||     9
       Ice Form          |       |       |     2 ||     2
  Use: Potion            |     1 |       |     3 ||     4
 Stab: Sleeping          |     5 |     6 |     5 ||    16
  Eat: Chunk             |     1 |     9 |     7 ||    17
       Ration            |       |       |     1 ||     1
Armor: Skin              |    13 |    10 |    17 ||    40
Dodge: Dodged            |    31 |    73 |   179 ||   283

Table legend:
 A = Non-vault XP
 B = Vault XP
 C = Vault XP percentage of total XP
 D = Non-vault monster count
 E = Vault monster count
 F = Vault count percentage of total count
                 A         B        C        D         E       F
            +---------+---------+-------+---------+---------+-------
      Total |    1575 |     782 |  33.2 |     102 |      57 |  35.8
            +---------+---------+-------+---------+---------+-------
        D:1 |      42 |       0 |   0.0 |      20 |       0 |   0.0
        D:2 |     107 |     291 |  73.1 |      20 |      22 |  52.4
        D:3 |      41 |       0 |   0.0 |      15 |       0 |   0.0
        D:4 |     121 |       0 |   0.0 |       7 |       0 |   0.0
        D:5 |     753 |      41 |   5.2 |      18 |       1 |   5.3
        D:6 |     511 |       0 |   0.0 |      22 |       0 |   0.0
    Ossuary |       0 |     450 | 100.0 |       0 |      34 | 100.0
            +---------+---------+-------+---------+---------+-------
